 Dungeon Crawl Stone Soup version 0.19-a0-465-g1d1674b (webtiles) character file.

33619 Kidiri the Thaumaturge (level 13, 0/72 HPs)
             Began as a Deep Elf Fire Elementalist on June 3, 2016.
             Was a High Priest of Vehumet.
             Killed by vampiric draining
             ... invoked by Josephine
              (16 damage)
             ... on level 5 of the Lair of Beasts.
             The game lasted 01:21:18 (22299 turns).

Kidiri the Thaumaturge (DEFE)                      Turns: 22299, Time: 01:21:19

Health: 0/72       AC: 13    Str:  5    XL:     13   Next: 37%
Magic:  6/31       EV: 17    Int: 32    God:    Vehumet [*****.]
Gold:   443        SH:  5    Dex: 15    Spells: 11 memorised, 2 levels left

rFire  + . .     SeeInvis +     w - +7 dagger (elec)
rCold  . . .     Gourm    .     m - +1 robe {Archmagi}
rNeg   . . .     Faith    .     b - +0 buckler
rPois  .         Spirit   .     e - +2 helmet
rElec  .         Dismiss  .     a - +1 cloak
rCorr  .         Reflect  .     y - +0 pair of gloves
SustAt .         Harm     .     u - +2 pair of boots
MR     ++...                    (no amulet)
Stlth  +++.......               t - ring of fire
                                q - ring of the Ageless Ships {*Contam rC+ Int+6 SInv}

@: delayed fireball, very resistant to hostile enchantments, fairly stealthy
A: talons 1, camouflage 1, blurry vision 1, magic resistance 1
a: Renounce Religion, Release Delayed Fireball


You were on level 5 of the Lair of Beasts.
You worshipped Vehumet.
Vehumet was extremely pleased with you.
You were hungry.

You visited 3 branches of the dungeon, and saw 16 of its levels.
You also visited: Labyrinth.

You collected 760 gold pieces.
You spent 317 gold pieces at shops.

Inventory:

Hand Weapons
 r - the +7 flail "Wienil" {crush, rC+ rN++ Str+2 Dex-5}
   (You found it on level 5 of the Lair of Beasts)

   It inflicts extra damage upon your enemies.
   It affects your strength (+2).
   It affects your dexterity (-5).
   It protects you from cold.
   It greatly protects you from negative energy.
 w - a +7 dagger of electrocution (weapon)
Armour
 a - a +1 cloak (worn)
 b - a +0 buckler (worn)
 e - a +2 helmet (worn)
 m - a +1 robe of the Archmagi (worn)
 u - a +2 pair of boots (worn)
 y - a +0 pair of gloves (worn)
Magical Staves
 H - an uncursed staff of conjuration
Jewellery
 f - an uncursed ring of poison resistance
 q - the ring of the Ageless Ships (left hand) {*Contam rC+ Int+6 SInv}
   (You found it in a labyrinth)

   [ring of protection from cold]

   It affects your intelligence (+6).
   It protects you from cold.
   It lets you see invisible.
   It causes magical contamination when unequipped.
 t - a ring of fire (right hand)
 J - an uncursed ring of flight
Wands
 n - a wand of confusion (34/48)
Scrolls
 d - 2 scrolls of fog
 i - a scroll of magic mapping
 l - a scroll of brand weapon
 x - a scroll of holy word
 B - 2 scrolls of remove curse
 C - a scroll of blinking
 I - a scroll of immolation
 N - 2 scrolls of noise {unknown}
 O - 10 scrolls of amnesia
 P - 4 scrolls of recharging
 Q - 5 scrolls of teleportation
Potions
 g - 2 potions of agility
 h - a potion of haste
 j - 4 potions of cancellation
 o - a potion of resistance
 p - a potion of ambrosia
 s - 2 potions of flight
 A - 4 potions of brilliance
 E - a potion of might
 F - 6 potions of curing
 R - a potion of magic
Books
 k - a Fen Folio

   Spells                             Type                      Level
   a - Corpse Rot                     Necromancy                   2
   b - Stone Arrow                    Conjuration/Earth            3
   c - Leda's Liquefaction            Hexes/Earth                  4
   d - Summon Forest                  Summoning/Translocation      5
   e - Hydra Form                     Transmutation                6
   f - Summon Hydra                   Summoning                    7
Comestibles
 c - 15 bread rations
 v - 5 meat rations
 z - 3 fruits


   Skills:
 + Level 5.2 Fighting
 + Level 6.3 Short Blades
 + Level 5.5 Armour
 + Level 8.0 Dodging
 - Level 2.4 Stealth
 + Level 3.7 Shields
 * Level 12.2 Spellcasting
 * Level 10.2 Conjurations
 * Level 10.4 Fire Magic
 * Level 7.8 Air Magic
 + Level 6.8 Evocations


You had 2 spell levels left.
You knew the following spells:

 Your Spells              Type           Power        Failure   Level  Hunger
a - Flame Tongue          Conj/Fire      #####        1%          1    None
b - Throw Flame           Conj/Fire      ######       1%          2    None
c - Conjure Flame         Conj/Fire      ########     1%          3    None
d - Inner Flame           Hex/Fire       #######.     1%          3    None
e - Sticky Flame          Conj/Fire      ########     1%          4    None
f - Fireball              Conj/Fire      ########..   1%          5    #......
g - Delayed Fireball      Conj/Fire      N/A          10%         7    ######.
h - Shock                 Conj/Air       ####         1%          1    None
i - Stone Arrow           Conj/Erth      ######       1%          3    None
j - Venom Bolt            Conj/Pois      ######....   2%          5    #......
k - Lee's Rapid Deconstr  Erth           ####......   26%         5    #......


Dungeon Overview and Level Annotations

Branches:
Dungeon (9/15)             Temple (1/1) D:6            Lair (6/8) D:8
 Shoals (0/4) Lair:5       Spider (0/4) Lair:5
  Slime: Lair:6-8       Orc: D:9-12

Altars:
Ashenzari
Cheibriados
Dithmenos
Elyvilon
Fedhas
Gozag
Hepliaklqana
Kikubaaqudgha
Makhleb
Nemelex Xobeh
Okawaru
Pakellas
Qazlal
Ru
Sif Muna
Trog
Uskayaw
Vehumet
Xom
Yredelemnul
Zin
The Shining One

Shops:
D:4 (   D:5 *   D:7 =?([(   D:8 :(!!%

Annotations:
Lair:5 Josephine


Innate Abilities, Weirdness & Mutations

You have sharp toenails.
Your skin changes colour to match your surroundings (Stealth+).
Scrolls take you a little longer to read.
You are resistant to hostile enchantments. (MR+)


Message History

You feel better.
Josephine burns!
Josephine hits you with a dagger.
Josephine burns!
Josephine points at you and mumbles some strange words.
The ghostly flame explodes!
The ghostly fireball engulfs you!
* * * LOW HITPOINT WARNING * * *
You feel better.
Josephine burns!
Josephine burns!
You feel better.
Josephine burns!
Josephine hits you with a dagger.
* * * LOW HITPOINT WARNING * * *
Casting: Sticky Flame
Confirm with . or Enter, or press ? or * to list all spells.
Aiming: Sticky Flame
Press: ? - help, Shift-Dir - straight line, f - Josephine
Aim: Josephine, wielding a dagger and wearing a glowing robe (severely wounded, covered in liquid flames, unusually resistant)
You feel a strong surge of power!
The sticky flame hits Josephine.
Josephine resists.
Josephine is severely wounded.
Josephine is covered in liquid flames!
Josephine is infused with unholy energy.
You die...

#....#####...._.........
#.....#.................
#......#................
##......#................
#.......#...P............
##.........>.............
##..................#....
#.......#................
#.......@@...............
##........................
#.........................
##........................
#P............PP....#....
##.................#.....
#............#...........
#...........##...#.......
#...........###...##.....


You could see Josephine (burning).

Vanquished Creatures
  Gastronok (D:8)
  A minotaur (Lab)
  Harold (Lair:2)
  4 hydras
  The ghost of no0bjke the Blocker, a novice MiFi of Okawaru (D:7)
  The ghost of no0bjke the Skirmisher, a novice MiFi of Okawaru (D:6)
  Psyche (D:8)
  Pikel (D:8)
  A griffon (Lair:4)
  10 elephants (Lair:6)
  2 black mambas
  4 gargoyles (Lab)
  9 spiny frogs
  6 komodo dragons
  A queen bee (Lair:2)
  A troll (D:9)
  7 blink frogs
  Prince Ribbit (Lair:2)
  20 yaks
  A shadow (Lab)
  A spriggan (D:7)
  3 redbacks (Lair:5)
  A wyvern (D:9)
  3 hungry ghosts
  5 basilisks
  2 hippogriffs
  Grum (D:8)
  2 soldier ants (Lair:6)
  6 water moccasins
  11 porcupines
  2 slaves (D:8)
  3 orc warriors
  An ice beast (D:6)
  2 black bears
  A necrophage (D:8)
  8 wolves
  5 ogres
  2 centaurs
  6 crocodiles
  A big kobold (D:8)
  2 gnoll sergeants
  12 giant frogs
  3 scorpions
  2 water moccasin skeletons
  24 killer bees
  2 howler monkeys
  5 crimson imps
  2 giant frog zombies
  5 hounds
  2 jellies
  A gnoll shaman (D:6)
  4 orc priests (D:7)
  7 orc wizards
  A centaur skeleton (D:6)
  Jessica (D:2)
  A giant frog skeleton (D:4)
  Ijyb (D:2)
  9 iguanas
  9 worker ants
  A killer bee zombie (D:6)
  12 sheep
  A hound skeleton (D:9)
  Robin (D:4)
  A howler monkey skeleton (D:5)
  22 gnolls
  60 river rats
  10 adders
  3 shadow imps
  An ooze (D:3)
  An adder skeleton (D:5)
  An adder zombie (D:6)
  5 worms
  A dart slug (D:2)
  A giant gecko (D:4)
  20 orcs
  9 giant cockroaches
  13 hobgoblins
  9 jackals
  3 quokkas
  A ball python (D:2)
  24 bats
  5 giant newts
  23 goblins
  A jackal skeleton (D:7)
  11 kobolds
  2 quokka skeletons
  A quokka zombie (D:9)
  12 rats
  A fungus (Lair:6)
  2 plants
491 creatures vanquished.

Vanquished Creatures (others)
  2 slaves (D:8)
  An adder skeleton (D:8)
  2 bats (D:8)
  A quokka (D:8)
  A rat (D:8)
  3 fungi
  4 plants
14 creatures vanquished.

Grand Total: 505 creatures vanquished

Notes
Turn   | Place    | Note
--------------------------------------------------------------
     0 | D:1      | Kidiri the Deep Elf Fire Elementalist began the quest for the Orb.
     0 | D:1      | Reached XP level 1. HP: 10/10 MP: 6/6
    13 | D:1      | Noticed a merfolk zombie
    19 | D:1      | Noticed a minotaur zombie
   332 | D:1      | Reached XP level 2. HP: 15/15 MP: 4/8
   336 | D:1      | Learned a level 2 spell: Throw Flame
  1233 | D:2      | Reached XP level 3. HP: 9/19 MP: 7/10
  1241 | D:2      | Learned a level 3 spell: Conjure Flame
  1245 | D:2      | Learned a level 3 spell: Inner Flame
  1245 | D:2      | Gained mutation: Your skin changes colour to match your surroundings (Stealth+). [potion of mutation]
  1245 | D:2      | Gained mutation: You have sharp toenails. [potion of mutation]
  1245 | D:2      | Gained mutation: You are resistant to hostile enchantments. (MR+) [potion of mutation]
  1600 | D:2      | Noticed Jessica
  1603 | D:2      | Killed Jessica
  1603 | D:2      | Reached skill level 4 in Spellcasting
  1655 | D:2      | Noticed Ijyb
  1661 | D:2      | Killed Ijyb
  1661 | D:2      | Reached XP level 4. HP: 24/24 MP: 1/12
  2332 | D:3      | Found a deep blue altar of Sif Muna.
  2341 | D:3      | Found a stormy altar of Qazlal.
  2383 | D:3      | Found a glowing golden altar of the Shining One.
  2480 | D:3      | Found a blossoming altar of Fedhas.
  2559 | D:3      | Reached XP level 5. HP: 28/28 MP: 11/13
  2602 | D:3      | Learned a level 4 spell: Sticky Flame
  2656 | D:3      | Reached skill level 1 in Short Blades
  2740 | D:3      | Found a white marble altar of Elyvilon.
  2875 | D:3      | Found a snail-covered altar of Cheibriados.
  3601 | D:4      | Found a sparkling altar of Nemelex Xobeh.
  3644 | D:4      | Noticed Robin
  3686 | D:4      | Killed Robin
  3922 | D:4      | Reached XP level 6. HP: 33/33 MP: 9/15
  4002 | D:4      | Reached skill level 1 in Fighting
  4009 | D:4      | Reached skill level 1 in Armour
  4166 | D:4      | Found Emerph's Antique Weapon Shop.
  4182 | D:4      | Bought a runed dagger for 32 gold pieces
  4449 | D:4      | Reached skill level 5 in Spellcasting
  4635 | D:4      | Reached skill level 5 in Fire Magic
  4635 | D:4      | Reached XP level 7. HP: 34/38 MP: 12/17
  4760 | D:5      | Entered Level 5 of the Dungeon
  5556 | D:5      | Reached skill level 1 in Evocations
  5688 | D:5      | Found Xelecer's Assorted Antiques.
  5697 | D:5      | Bought 2 yellow potions for 59 gold pieces
  5697 | D:5      | Bought a scroll labeled XEZENT TUSEISU for 33 gold pieces
  5697 | D:5      | Bought a dyed leather armour for 66 gold pieces
  5697 | D:5      | Bought a scroll labeled FAXZOM TERY for 33 gold pieces
  6010 | D:5      | Found a hazy altar of Hepliaklqana.
  6728 | D:6      | Reached skill level 6 in Spellcasting
  6741 | D:6      | Learned a level 5 spell: Fireball
  6753 | D:6      | Found a staircase to the Ecumenical Temple.
  6795 | Temple   | Entered the Ecumenical Temple
  6805 | Temple   | Became a worshipper of Vehumet
  6930 | D:6      | Reached XP level 8. HP: 44/44 MP: 15/19
  6965 | D:6      | Found a basalt altar of Yredelemnul.
  6965 | D:6      | Found an iron altar of Okawaru.
  6966 | D:6      | Found a shattered altar of Ashenzari.
  7431 | D:6      | Reached skill level 5 in Conjurations
  7489 | D:6      | Noticed no0bjke's ghost (novice MiFi)
  7499 | D:6      | Killed no0bjke's ghost
  7499 | D:6      | Reached skill level 7 in Spellcasting
  7710 | D:6      | Reached XP level 9. HP: 47/49 MP: 19/21
  7732 | D:6      | Reached skill level 5 in Dodging
  7735 | D:6      | Reached * piety under Vehumet
  7735 | D:6      | Offered knowledge of Shock by Vehumet.
  7738 | D:6      | Learned a level 1 spell: Shock
  8169 | D:5      | Reached skill level 1 in Air Magic
  8463 | D:7      | Noticed no0bjke's ghost (novice MiFi)
  8667 | D:7      | Found Iphyhei's Weapon Boutique.
  8927 | D:7      | Found Amunuleufu's Magic Scroll Shoppe.
  9262 | D:7      | Killed no0bjke's ghost
  9387 | D:7      | Found a sacrificial altar of Ru.
  9452 | D:7      | Found Wazat's Antique Weapon Shoppe.
  9462 | D:7      | Found Taynuiq's Antique Armour Emporium.
  9479 | D:7      | Bought a shiny shield for 94 gold pieces
  9621 | D:7      | Found Oqoh's Jewellery Emporium.
  9684 | D:7      | Reached skill level 8 in Spellcasting
  9802 | D:7      | Learned a level 5 spell: Venom Bolt
 10071 | D:8      | Found a hide-covered altar of Uskayaw.
 10135 | D:8      | Found Uruuck's Food Emporium.
 10174 | D:8      | Offered knowledge of Freeze by Vehumet.
 10183 | D:8      | Reached ** piety under Vehumet
 10218 | D:8      | Noticed Pikel
 10222 | D:8      | Killed Pikel
 10222 | D:8      | Reached XP level 10. HP: 56/56 MP: 11/24
 10223 | D:8      | Found Vuar Hio's Distillery.
 10359 | D:8      | Found Qoumunor's Book Shop.
 10439 | D:8      | Noticed Gastronok
 10488 | D:8      | Killed Gastronok
 10488 | D:8      | Reached skill level 1 in Shields
 10488 | D:8      | Reached skill level 9 in Spellcasting
 10604 | D:8      | Learned a level 3 spell: Stone Arrow
 10689 | D:8      | Found a staircase to the Lair.
 10826 | D:8      | Noticed Grum
 10832 | D:8      | Killed Grum
 10832 | D:8      | Offered knowledge of Dazzling Spray by Vehumet.
 10952 | D:8      | Found Founish's Distillery.
 11176 | D:8      | Noticed Psyche
 11187 | D:8      | Killed Psyche
 11597 | D:8      | Found Ocutyune's Antique Weapon Shoppe.
 12036 | D:9      | Reached *** piety under Vehumet
 12047 | D:9      | Reached XP level 11. HP: 52/60 MP: 5/26
 12802 | D:9      | Found an ancient bone altar of Kikubaaqudgha.
 12956 | D:9      | Found a shadowy altar of Dithmenos.
 13070 | Lair:1   | Entered Level 1 of the Lair of Beasts
 13152 | Lair:1   | Offered knowledge of Static Discharge by Vehumet.
 13253 | Lair:1   | Reached skill level 5 in Air Magic
 13253 | Lair:1   | Reached skill level 5 in Evocations
 13405 | Lair:1   | Found a glowing golden altar of the Shining One.
 13832 | Lair:1   | Identified the Compendium of the Snowflakes and the Compass
 13983 | Lair:1   | Reached **** piety under Vehumet
 14267 | Lair:1   | Offered knowledge of Bolt of Draining by Vehumet.
 14778 | Lair:2   | Noticed Prince Ribbit
 14781 | Lair:2   | Reached skill level 10 in Spellcasting
 14784 | Lair:2   | Killed Prince Ribbit
 14843 | Lair:2   | Noticed Harold
 14887 | Lair:2   | Killed Harold
 15767 | Lair:2   | Reached skill level 5 in Short Blades
 15972 | Lair:2   | Reached ***** piety under Vehumet
 16550 | Lair:3   | Offered knowledge of Delayed Fireball by Vehumet.
 16553 | Lair:3   | Reached XP level 12. HP: 67/67 MP: 17/28
 16561 | Lair:3   | Noticed a five-headed hydra
 16692 | Lair:2   | Learned a level 7 spell: Delayed Fireball
 16759 | Lair:2   | Gained mutation: Scrolls take you a little longer to read. [mutagenic glow]
 17140 | Lair:3   | Noticed an eight-headed hydra
 17285 | Lair:3   | Killed a five-headed hydra
 17340 | Lair:3   | Killed an eight-headed hydra
 18118 | Lair:3   | Reached skill level 11 in Spellcasting
 18441 | Lair:4   | Found a shimmering altar of Xom.
 18823 | Lair:4   | Reached skill level 5 in Armour
 19550 | Lair:5   | Found a labyrinth entrance.
 19569 | Lab      | Entered a labyrinth
 19767 | Lab      | Reached skill level 10 in Fire Magic
 20064 | Lab      | Reached skill level 5 in Fighting
 20236 | Lab      | Noticed a minotaur
 20244 | Lab      | Killed a minotaur
 20282 | Lab      | Identified Sif Muna's Volume of Attacks
 20282 | Lab      | Got a scorched steel ring
 20282 | Lab      | Got a steaming golden amulet
 20289 | Lair:5   | Identified the ring of the Ageless Ships {*Contam rC+ Int+6 SInv} (You found it in a labyrinth)
 20290 | Lair:5   | Identified the amulet of Xom's Best Wishes {Inacc Dex+3} (You found it in a labyrinth)
 20375 | Lair:2   | Noticed a seven-headed hydra
 20380 | Lair:2   | Killed a seven-headed hydra
 20380 | Lair:2   | Reached skill level 10 in Conjurations
 20380 | Lair:2   | Reached XP level 13. HP: 72/72 MP: 21/30
 20458 | Lair:1   | Learned a level 5 spell: Lee's Rapid Deconstruction
 20645 | Lair:5   | Found a staircase to the Shoals.
 20805 | Lair:5   | Found a deep blue altar of Sif Muna.
 20836 | Lair:5   | Got a fine flail
 20837 | Lair:5   | Identified the +7 flail "Wienil" {crush, rC+ rN++ Str+2 Dex-5} (You found it on level 5 of the Lair of Beasts)
 20895 | Lair:5   | Found a hole to the Spider Nest.
 20989 | Lair:5   | Reached skill level 12 in Spellcasting
 22210 | Lair:6   | Noticed Josephine
 22299 | Lair:5   | Killed from afar by Josephine

Vault maps used:
D:1:      shiori_arrival_whats_in_store_for_you, solitary_fountain
D:2:      first_bread, kennysheep_generic_room_16, uniq_iyjb, uniq_jessica
D:3:      kennysheep_the_goblin_king, nicolae_qazlal_general_emergency,
          fedhas_altar_2, nicolae_overflow_crystal_walls, lemuel_crystal_altar,
          lemuel_crystal_altar, minmay_misc_feat_cross, serial_park_tiny_2,
          lemuel_tele_altar
D:4:      kennysheep_spiral_hall, nemelex_deck, serial_shops, shop, uniq_robin
D:5:      kennysheep_little_box, serial_shops,
          nicolae_shop_temple_entry_statues_fountains
D:6:      gammafunk_temple_overflow_claw, minmay_temple_entry_statues,
          grunt_ministairs_8
D:7:      lemuel_round_altar, serial_shops, shop, nicolae_shop_waterfront, shop,
          nicolae_shop_behind_doors, shop, the_bakery
D:8:      lemuel_crystal_altar, grunt_lair_entry_orc_guard_hut, serial_shops,
          nicolae_shop_competitors_out_of_business, nicolae_shop_crystal,
          shop_fountains, shop, kennysheep_mini, uniq_gastronok, uniq_grum,
          uniq_pikel, uniq_psyche
D:9:      old_standard_altar, old_standard_altar
Temple:   circular_temple_pool_8
Lair:1:   basic_altar, guppyfry_lair_drakes
Lair:2:   special_room, lemuel_another_geyser, uniq_prince_ribbit2, uniq_harold
Lair:3:   patterned_corridor
Lair:4:   basic_altar, grunt_forest_stairs_basic, serial_bayou_pond_a,
          serial_bayou_shore_a
Lair:5:   shoals_dummy_entry, spider_nest_entry_webs, basic_altar,
          lab_entry_generic, grunt_megastairs_1
Lair:6:   special_room, minmay_another_anthill, uniq_josephine
Lab:      nicolae_lab_big_swirl, nicolae_lab_stuck, nicolae_lab_statue,
          labyrinth_skeletal_remains, nicolae_lab_dead_end, nicolae_lab_grate_2,
          lab_block, nicolae_lab_garden

Skill      XL: |  1  2  3  4  5  6  7  8  9 10 11 12 13 |
---------------+----------------------------------------+-----
Conjurations   | 2 3 4 5 6 7 8 10 | 10.2
Spellcasting   | 4 5 6 7 8 9 10 11 12 | 12.2
Fire Magic     | 4 5 6 7 8 9 10 | 10.4
Short Blades   | 1 2 3 4 5 6 |  6.3
Fighting       | 1 2 3 4 5 |  5.2
Armour         | 1 2 3 4 5 |  5.5
Dodging        | 3 4 5 6 7 8 |  8.0
Evocations     | 2 3 4 5 6 |  6.8
Air Magic      | 3 4 6 7 |  7.8
Shields        | 1 2 3 |  3.7
Stealth        | |  2.4

Action                   |  1- 3 |  4- 6 |  7- 9 | 10-12 | 13-15 || total
-------------------------+-------+-------+-------+-------+-------++-------
Melee: Dagger            |    18 |    34 |    43 |   127 |    14 ||   236
       Mace              |     1 |       |       |       |       ||     1
       Staff             |       |       |       |       |     3 ||     3
 Cast: Flame Tongue      |    38 |    64 |   172 |   412 |    42 ||   728
       Throw Flame       |     9 |    47 |    46 |    68 |    15 ||   185
       Conjure Flame     |       |     2 |     7 |    17 |     1 ||    27
       Inner Flame       |       |     1 |     5 |    11 |       ||    17
       Sticky Flame      |       |     3 |     6 |    50 |    16 ||    75
       Fireball          |       |       |     3 |    27 |     9 ||    39
       Stone Arrow       |       |       |       |    23 |     9 ||    32
       Venom Bolt        |       |       |       |     3 |     9 ||    12
       Delayed Fireball  |       |       |       |     1 |       ||     1
 Abil: Evoke Flight      |       |       |       |     1 |       ||     1
Evoke: Wand              |       |       |       |     1 |     1 ||     2
  Use: Scroll            |    10 |     8 |    10 |    10 |     4 ||    42
       Potion            |     1 |     1 |       |     9 |     4 ||    15
 Stab: Sleeping          |     2 |     7 |     4 |     6 |       ||    19
       Distracted        |       |       |       |       |     1 ||     1
  Eat: Chunk             |     2 |    10 |    13 |    18 |     1 ||    44
       Fruit             |       |       |     3 |     4 |       ||     7
       Beef jerky        |       |       |     1 |     3 |       ||     4
       Pizza             |       |       |     1 |       |       ||     1
       Meat ration       |       |       |     1 |       |       ||     1
       Royal jelly       |       |       |       |     9 |       ||     9
Armor: Robe              |     2 |    13 |    30 |    51 |    21 ||   117
Dodge: Dodged            |    20 |    30 |    57 |   190 |    53 ||   350
Block: Buckler           |       |       |       |    26 |    17 ||    43
